 Dungeon Sprint DCSS version 0.20-a0-633-gff4aa5c (webtiles) character file.

1239 LORDOFBUTT the Peltast (level 8, -3/46 HPs)
             Began as a Gargoyle Fighter on Feb 12, 2017.
             Was an Initiate of Gozag.
             Slain by a centaur warrior (8 damage)
             ... in the Dungeon (Sprint IX: "|||||||||||||||||||||||||||||").
             The game lasted 00:01:34 (232 turns).

LORDOFBUTT the Peltast (Gargoyle Fighter)            Turns: 232, Time: 00:01:35

Health: -3/46      AC: 16    Str: 31    XL:     8   Next: 49%
Magic:  8/8        EV:  8    Int:  8    God:    Gozag
Gold:   378        SH: 15    Dex: 12    Spells: 7/7 levels left

rFire    . . .     SeeInvis .   a - +0 flail
rCold    . . .     Gourm    .   q - +1 chain mail
rNeg     + . .     Faith    .   c - +0 shield
rPois    ∞         Spirit   .   (no helmet)
rElec    +         Reflect  .   p - +0 cloak
rCorr    .         Harm     .   (no gloves)
MR       .....     NoTele   +   (no boots)
Stlth    ..........             (no amulet)
Regen    0.2/turn               r - +3 ring of dexterity
                                b - +3 ring of strength

@: mighty, gold aura
A: negative energy resistance 1, electricity resistance, unbreathing,
petrification resistance, rot immunity, AC +5
a: Potion Petition, Call Merchant, Bribe Branch, Renounce Religion


You were in the Dungeon.
You worshipped Gozag.
Gozag was aware of your devotion.
You were not hungry.

You visited 1 branch You collected 378 gold pieces.

Inventory:

Hand Weapons
 a - a +0 flail (weapon)
Armour
 c - a +0 shield (worn)
 p - a +0 cloak (worn)
 q - a +1 chain mail (worn)
Jewellery
 b - a +3 ring of strength (left hand)
 r - a +3 ring of dexterity (right hand)
Wands
 o - a wand of acid (7/15)
Scrolls
 k - 2 scrolls of blinking
 m - 3 scrolls of remove curse
 n - 2 scrolls of amnesia
Potions
 e - 5 potions of curing
 g - 2 potions of heal wounds
 h - a potion of haste
 i - 4 potions of magic
 l - a potion of invisibility
Comestibles
 f - a bread ration


   Skills:
 - Level 3.2 Fighting
 + Level 10.7 Maces & Flails
 - Level 3.2 Armour
 * Level 15.6 Shields


You had 7 spell levels left.
You didn't know any spells.

Dungeon Overview and Level Annotations

Branches:
Dungeon (1/1)

Altars:
Cheibriados
Dithmenos
Elyvilon
Fedhas
Gozag
Hepliaklqana
Kikubaaqudgha
Makhleb
Nemelex Xobeh
Okawaru
Qazlal
Ru
Sif Muna
Trog
Uskayaw
Vehumet
Xom
Yredelemnul
Zin
The Shining One
Beogh
Jiyva
Lugonu


Innate Abilities, Weirdness & Mutations

You are resistant to torment.
Your stone body is resilient. (AC +5)
You are immune to poison.
You resist negative energy. (rN+)
You are resistant to electric shocks. (rElec)
You can survive without breathing.
You are immune to petrification.
You are immune to rotting.


Message History

You bludgeon the two-headed ogre!!
You kill the two-headed ogre!
Your Maces & Flails skill increases to level 10!
Your Shields skill gained 2 levels and is now at level 15!
You have reached level 8!
You feel stronger.
The centaur warrior wields a longbow.
The centaur warrior shoots an arrow.
The arrow hits you!
* * * LOW HITPOINT WARNING * * *
The crimson imp blinks!
The centaur warrior unwields an uncursed longbow.
You block the centaur warrior's attack.
There is an open door, spattered with blood here.
Things that are here:
369 gold pieces; a giant club x2
You bludgeon the centaur warrior!!
The centaur warrior is moderately wounded.
The centaur warrior hits you!
You die...
Your body crumbles into a pile of gold. $$$$ $ $ $ $$$$$ $ ▓▓▓▓▓▓▓▓▓▓▓▓▓▓▓▓▓▓▓▓▓▓▓▓ ..|).[[..'))..5(@c.§...+ ▓▓▓▓▓▓▓▓▓▓▓▓▓▓▓▓▓▓▓▓▓▓▓▓

You could see a centaur warrior and a crimson imp.

Vanquished Creatures
  A two-headed ogre (D)
  A soldier ant (D)
  A sky beast (D)
  An ogre (D)
  A big kobold (D)
  2 bullfrogs (D)
  An iguana (D)
  3 worker ants (D)
  A dart slug (D)
  An orc (D)
  A giant cockroach (D)
  A hobgoblin (D)
  2 jackals (D)
  A frilled lizard (D)
  A leopard gecko zombie (D)
  A rat (D)
20 creatures vanquished.

Notes
Turn   | Place    | Note
-------+----------+-------------------------------------------
     0 | D        | LORDOFBUTT the Gargoyle Fighter began the quest for the Orb.
     0 | D        | Reached XP level 1. HP: 14/14 MP: 1/1
     8 | D        | Reached skill level 4 in Shields
    16 | D        | Reached XP level 2. HP: 18/19 MP: 2/2
    32 | D        | Reached skill level 5 in Shields
    40 | D        | Reached skill level 6 in Shields
    40 | D        | Reached XP level 3. HP: 19/23 MP: 3/3
    55 | D        | Found a roughly hewn altar of Beogh.
    55 | D        | Found a snail-covered altar of Cheibriados.
    55 | D        | Found a shadowy altar of Dithmenos.
    55 | D        | Found a white marble altar of Elyvilon.
    55 | D        | Found a blossoming altar of Fedhas.
    55 | D        | Found an opulent altar of Gozag.
    56 | D        | Found a hazy altar of Hepliaklqana.
    57 | D        | Found a viscous altar of Jiyva.
    58 | D        | Found an ancient bone altar of Kikubaaqudgha.
    59 | D        | Found a corrupted altar of Lugonu.
    60 | D        | Found a burning altar of Makhleb.
    61 | D        | Found a sparkling altar of Nemelex Xobeh.
    62 | D        | Found an iron altar of Okawaru.
    63 | D        | Became a worshipper of Gozag Ym Sagoz the Greedy
    64 | D        | Found a stormy altar of Qazlal.
    65 | D        | Found a sacrificial altar of Ru.
    66 | D        | Found a deep blue altar of Sif Muna.
    67 | D        | Found a bloodstained altar of Trog.
    68 | D        | Found a hide-covered altar of Uskayaw.
    69 | D        | Found a radiant altar of Vehumet.
    70 | D        | Found a shimmering altar of Xom.
    71 | D        | Found a basalt altar of Yredelemnul.
    72 | D        | Found a glowing silver altar of Zin.
    73 | D        | Found a glowing golden altar of the Shining One.
   132 | D        | Noticed an ogre
   132 | D        | Noticed a big kobold
   132 | D        | Noticed a bullfrog
   140 | D        | Reached skill level 7 in Shields
   140 | D        | Reached XP level 4. HP: 21/28 MP: 4/4
   156 | D        | Reached skill level 5 in Maces & Flails
   156 | D        | Reached skill level 8 in Shields
   159 | D        | Killed an ogre
   159 | D        | Reached skill level 10 in Shields
   159 | D        | Reached XP level 5. HP: 32/32 MP: 5/5
   163 | D        | Killed a big kobold
   163 | D        | Reached skill level 11 in Shields
   163 | D        | Reached XP level 6. HP: 37/37 MP: 6/6
   176 | D        | Reached skill level 12 in Shields
   195 | D        | Noticed a soldier ant
   195 | D        | Noticed a sky beast
   195 | D        | Noticed a two-headed ogre
   195 | D        | Noticed a centaur warrior
   207 | D        | Killed a soldier ant
   207 | D        | Reached XP level 7. HP: 39/41 MP: 7/7
   216 | D        | Reached skill level 13 in Shields
   230 | D        | Killed a two-headed ogre
   230 | D        | Reached skill level 10 in Maces & Flails
   230 | D        | Reached skill level 15 in Shields
   230 | D        | Reached XP level 8. HP: 22/46 MP: 8/8
   232 | D        | Slain by a centaur warrior

Vault maps used:
D:        linesprint

Skill      XL: |  1  2  3  4  5  6  7 |
---------------+----------------------+-----
Shields        | 4 6 7 10 11 12 15 | 15.6
Maces & Flails | 4 6 7 8 10 | 10.7
Fighting       | |  3.2
Armour         | |  3.2

Action                   |  1- 3 |  4- 6 |  7- 9 || total
-------------------------+-------+-------+-------++-------
Melee: Flail             |    43 |    42 |    24 ||   109
  Use: Potion            |       |     3 |       ||     3
Armor: Scale mail        |    10 |       |       ||    10
       Chain mail        |     5 |    15 |     6 ||    26
Dodge: Dodged            |     9 |     8 |     4 ||    21
Block: Shield            |    19 |    21 |    17 ||    57
